 Dungeon Sprint DCSS version 0.24-a0-536-gdd4cf15 (webtiles) character file.

Game seed: 14209076650236843561

676 Faca the Fighter (level 7, -2/71 HPs)
             Began as a Formicid Fighter on Aug 12, 2019.
             Was a Priest of the Shining One.
             Killed from afar by a gargoyle (12 damage)
             ... with a stone arrow
             ... in the Dungeon (Sprint IX: "|||||||||||||||||||||||||||||").
             The game lasted 00:02:16 (250 turns).

Faca the Fighter (Formicid Fighter)                  Turns: 250, Time: 00:02:16

Health: -2/71      AC: 19    Str: 22    XL:     7   Next: 91%
Magic:  7/7        EV:  6    Int:  8    God:    the Shining One [***...]
Gold:   0          SH: 10    Dex: 20    Spells: 6/6 levels left

rFire    . . .     SeeInvis +   o - +2 scimitar "Owesy" {protect, rElec MR+ Dex+4}
rCold    . . .     Gourm    .   c - +0 shield
rNeg     + . .     Faith    .   q - +1 chain mail
rPois    .         Spirit   .   (helmet unavailable)
rElec    +         Reflect  .   a - +0 cloak
rCorr    .         Harm     .   p - +0 pair of gloves
MR       +....                  (no boots)
Stlth    ..........             (no amulet)
HPRegen  0.21/turn              r - +3 ring of dexterity
MPRegen  0.10/turn              b - +3 ring of dexterity

@: protection aura, glowing
A: permanent stasis, dig shafts and tunnels, four strong arms, antennae 3
a: Dig, Divine Shield, Renounce Religion


You were in the Dungeon.
You worshipped the Shining One.
The Shining One was most pleased with you.
You were not hungry.

You visited 1 branch

Inventory:

Hand Weapons
 o - the +2 scimitar "Owesy" (weapon) {protect, rElec MR+ Dex+4}
   (You found it in the Dungeon)

   It grants its wielder temporary protection when it strikes (+7 to AC).
   It affects your dexterity (+4).
   It insulates you from electricity.
   It affects your resistance to hostile enchantments.
Armour
 a - a +0 cloak (worn)
 c - a +0 shield (worn)
 p - a +0 pair of gloves (worn)
 q - a +1 chain mail (worn)
Jewellery
 b - a +3 ring of dexterity (right hand)
 r - a +3 ring of dexterity (left hand)
Wands
 n - a wand of acid (10)
Scrolls
 l - 3 scrolls of remove curse
Potions
 d - a potion of might
 e - 5 potions of curing
 g - 2 potions of heal wounds
 i - 4 potions of magic
Comestibles
 f - a ration


   Skills:
 + Level 12.5 Fighting
 + Level 11.4 Long Blades
 - Level 3.2 Armour
 - Level 3.6 Shields


You had 6 spell levels left.
You didn't know any spells.
Your spell library was empty.

Dungeon Overview and Level Annotations

Branches:
Dungeon (1/1)

Altars:
Cheibriados
Dithmenos
Elyvilon
Fedhas
Gozag
Hepliaklqana
Kikubaaqudgha
Makhleb
Nemelex Xobeh
Okawaru
Qazlal
Ru
Sif Muna
Trog
Uskayaw
Vehumet
Wu Jian
Xom
Yredelemnul
Zin
The Shining One
Beogh
Jiyva
Lugonu


Innate Abilities, Weirdness & Mutations

You cannot be hasted, slowed, berserked, paralysed or teleported.
You can dig through walls and to a lower floor.
Your four strong arms can wield two-handed weapons with a shield.
You have a pair of large antennae on your head. (SInv)


Message History

You hit the gargoyle but do no damage. You block the gargoyle's attack.
You hit the gargoyle but do no damage. You hit the gargoyle but do no damage.
The gargoyle hits you but does no damage.
You hit the gargoyle but do no damage.
The gargoyle hurls a stone arrow at you.
You block the stone arrow.
You hit the gargoyle but do no damage.
The gargoyle hurls a stone arrow at you.
The stone arrow hits you!
You slash the gargoyle!
The gargoyle is heavily damaged.
The gargoyle hurls a stone arrow at you.
The stone arrow hits you!
* * * LOW HITPOINT WARNING * * *
You hit the gargoyle.
The gargoyle is severely damaged.
The gargoyle hurls a stone arrow at you.
The stone arrow hits you!
You die... ▓▓▓▓▓▓▓▓▓▓▓▓▓▓▓▓▓▓▓▓▓▓▓▓ !.|)..[.?†(.....@9T....+ ▓▓▓▓▓▓▓▓▓▓▓▓▓▓▓▓▓▓▓▓▓▓▓▓ {{{{{{{{

You could see a troll and a gargoyle.

Vanquished Creatures
  A cyclops (D)
  A sky beast (D)
  An ogre (D)
  A killer bee (D)
  A jelly (D)
  An iguana (D)
  An adder (D)
  An adder zombie (D)
  2 leopard geckos (D)
  3 bats (D)
  A bat skeleton (D)
  2 bat zombies (D)
  A goblin (D)
  A hobgoblin (D)
  2 quokkas (D)
20 creatures vanquished.

Notes
Turn   | Place    | Note
-------+----------+-------------------------------------------
     0 | D        | Faca the Formicid Fighter began the quest for the Orb.
     0 | D        | Reached XP level 1. HP: 18/18 MP: 1/1
     2 | D        | Banished a spatial maelstrom
     5 | D        | Reached skill level 4 in Fighting
    12 | D        | Reached XP level 2. HP: 26/26 MP: 2/2
    25 | D        | Reached skill level 5 in Fighting
    33 | D        | Reached XP level 3. HP: 29/33 MP: 3/3
    96 | D        | Found a roughly hewn altar of Beogh.
    96 | D        | Found a snail-covered altar of Cheibriados.
    96 | D        | Found a shadowy altar of Dithmenos.
    96 | D        | Found a white marble altar of Elyvilon.
    96 | D        | Found a blossoming altar of Fedhas.
    96 | D        | Found an opulent altar of Gozag.
    97 | D        | Found a hazy altar of Hepliaklqana.
    98 | D        | Found a viscous altar of Jiyva.
    99 | D        | Found an ancient bone altar of Kikubaaqudgha.
   100 | D        | Found a corrupted altar of Lugonu.
   101 | D        | Found a burning altar of Makhleb.
   102 | D        | Found a sparkling altar of Nemelex Xobeh.
   103 | D        | Found an iron altar of Okawaru.
   104 | D        | Found a stormy altar of Qazlal.
   105 | D        | Found a sacrificial altar of Ru.
   106 | D        | Found a shimmering blue altar of Sif Muna.
   107 | D        | Found a bloodstained altar of Trog.
   108 | D        | Found a hide-covered altar of Uskayaw.
   109 | D        | Found a radiant altar of Vehumet.
   110 | D        | Found an ornate altar of the Wu Jian Council.
   111 | D        | Found a shimmering altar of Xom.
   112 | D        | Found a basalt altar of Yredelemnul.
   113 | D        | Found a glowing silver altar of Zin.
   114 | D        | Found a glowing golden altar of the Shining One.
   122 | D        | Became a worshipper of the Shining One
   132 | D        | Got the +2 scimitar "Owesy" {protect, rElec MR+ Dex+4}
   172 | D        | Noticed a killer bee
   172 | D        | Reached * piety under the Shining One
   178 | D        | Reached skill level 6 in Fighting
   178 | D        | Reached skill level 5 in Long Blades
   178 | D        | Reached XP level 4. HP: 36/41 MP: 4/4
   184 | D        | Reached skill level 7 in Fighting
   184 | D        | Reached XP level 5. HP: 44/49 MP: 5/5
   187 | D        | Reached skill level 8 in Fighting
   189 | D        | Reached ** piety under the Shining One
   223 | D        | Noticed a sky beast
   223 | D        | Noticed a cyclops
   223 | D        | Reached *** piety under the Shining One
   223 | D        | Noticed an ogre
   223 | D        | Noticed a gargoyle
   223 | D        | Noticed a troll
   227 | D        | Killed a sky beast
   227 | D        | Reached skill level 9 in Fighting
   227 | D        | Reached XP level 6. HP: 60/60 MP: 6/6
   236 | D        | Killed a cyclops
   236 | D        | Reached skill level 12 in Fighting
   236 | D        | Reached XP level 7. HP: 15/70 MP: 7/7
   250 | D        | Killed from afar by a gargoyle

Levels and vault maps discovered:
D:        linesprint [early_d, line_temple, items_1, d_10, items_2, lair_1,
          lair_end, items_3, orc_1, orc_end, items_4, d_15, swamp_1, shoals_1,
          snake_1, spider_1, d_20, vaults_1, items_5, swamp_end, shoals_end,
          snake_end, spider_end, vaults_end, d_27, items_6, zot_1, zot_end,
          crypt_end, forest_end, elf_end, slime_end, tomb_end, abyss_end,
          pan_hell_end]

Skill      XL: |  1  2  3  4  5  6 |
---------------+-------------------+-----
Fighting       | 4 5 6 7 9 12 | 12.5
Long Blades    | 3 4 5 6 8 11 | 11.4
Armour         | |  3.2
Shields        | |  3.6

Action                   |  1- 3 |  4- 6 |  7- 9 || total
-------------------------+-------+-------+-------++-------
Melee: Long sword        |    23 |       |       ||    23
       Scimitar          |     6 |    24 |    13 ||    43
  Use: Potion            |       |       |     1 ||     1
Armor: Scale mail        |     4 |       |       ||     4
       Chain mail        |     3 |    16 |     4 ||    23
Dodge: Dodged            |     8 |     5 |       ||    13
Block: Shield            |    14 |    10 |     5 ||    29
       Rpst.: Long sword |     2 |       |       ||     2
       Scimitar          |       |     1 |       ||     1

Table legend:
 A = Non-vault XP
 B = Vault XP
 C = Vault XP percentage of total XP
 D = Non-vault monster count
 E = Vault monster count
 F = Vault count percentage of total count
                 A         B        C        D         E       F
            +---------+---------+-------+---------+---------+-------
      Total |       0 |     966 | 100.0 |       0 |      20 | 100.0
            +---------+---------+-------+---------+---------+-------
          D |       0 |     966 | 100.0 |       0 |      20 | 100.0
            +---------+---------+-------+---------+---------+-------
